 Dungeon Crawl Stone Soup version 0.30.1-9-gdf580d7c3d (webtiles) character file.

Game seed: 10651626732159789297

3569 Ijustatesigmund the Digger (level 10, -2/54 HPs)
             Began as a Gargoyle Earth Elementalist on Oct 12, 2023.
             Slain by a two-headed ogre
             ... wielding a +0 giant spiked club
              (26 damage)
             ... on level 9 of the Dungeon.
             The game lasted 00:22:05 (9381 turns).

Ijustatesigmund the Digger (GrEE)                   Turns: 9381, Time: 00:22:06

Health: -2/54      AC: 13    Str: 11    XL:     10   Next: 9%
Magic:  5/18       EV: 11    Int: 21    God:
Gold:   335        SH:  0    Dex: 10    Spells: 4/20 levels left

rFire   . . .        D - +3 morningstar (freeze)
rCold   . . .        (no shield)
rNeg    + . .        a - +0 robe
rPois   ∞            (no helmet)
rElec   +            (no cloak)
rCorr   .            i - +1 pair of gloves
SInv    +            s - +1 pair of boots
Will    +....        p - amulet of magic regeneration
Stlth   ++           l - ring of see invisible
HPRegen 0.29/turn    w - ring of willpower
MPRegen 0.56/turn

%: no passive effects
@: no status effects
A: sickness immunity, AC +7, negative energy resistance 1, electricity
resistance, torment resistance 1, petrification resistance
a: no special abilities


You were on level 9 of the Dungeon.
You visited 1 branch of the dungeon, and saw 9 of its levels.
You also visited: Sewer and Ossuary.

You collected 335 gold pieces.

Inventory:

Hand Weapons
 o - the +1 sling of Equilibrium {antimagic, rC+++ Str-3 Int+2 SInv}
   (You found it on level 4 of the Dungeon)

   Str:       It affects your strength (-3).
   Int:       It affects your intelligence (+2).
   rC:        It renders you almost immune to cold.
   SInv:      It lets you see invisible.
 D - a +3 morningstar of freezing (weapon)
Armour
 a - a +0 robe (worn)
 i - a +1 pair of gloves (worn)
 s - a +1 pair of boots (worn)
Jewellery
 l - a ring of see invisible (left hand)
 p - an amulet of magic regeneration (around neck)
 w - a ring of willpower (right hand)
 G - a ring of protection from fire
Wands
 j - a wand of iceblast (22)
 k - a wand of paralysis (14)
 C - a wand of acid (10)
Scrolls
 c - 2 scrolls of amnesia
 q - 8 scrolls of teleportation
 r - 6 scrolls of blinking
 t - 5 scrolls of fear
 x - 3 scrolls of identify
 E - a scroll of magic mapping
 H - 2 scrolls of enchant armour
Potions
 b - a potion of magic
 d - 4 potions of mutation
 f - 2 potions of resistance
 g - 2 potions of heal wounds
 h - 8 potions of curing
 m - 4 potions of flight
 u - 2 potions of attraction
 v - 2 potions of haste
 z - 4 potions of might
 A - 4 potions of brilliance {unknown}
 B - 2 potions of invisibility {unknown}
 F - 2 potions of lignification {unknown}


   Skills:
 + Level 2.5 Fighting
 + Level 2.9 Maces & Flails
 - Level 1.5 Dodging
 - Level 2.1 Stealth
 + Level 5.6 Spellcasting
 + Level 6.1 Conjurations
 + Level 2.3 Translocations
 - Level 0.7 Transmutations
 + Level 6.0 Fire Magic
 + Level 3.2 Air Magic
 + Level 7.9 Earth Magic
 + Level 3.9 Poison Magic


You had 4 spell levels left.
You knew the following spells:

 Your Spells              Type           Power      Damage    Failure   Level
a - Sandblast             Erth           78%        2d17      1%          1
b - Stone Arrow           Conj/Erth      70%        3d11      1%          3
c - Mephitic Cloud        Conj/Pois/Air  24%        N/A       4%          3
d - Fireball              Conj/Fire      15%        3d8       24%         5
e - Iskenderun's Mystic   Conj/Tloc      23%        2d6       19%         4

Your spell library contained the following spells:

 Spells                   Type           Power      Damage    Failure   Level
 Foxfire                  Conj/Fire      100%       2x1d9     1%          1
 Magic Dart               Conj           100%       1d8       1%          1
 Shock                    Conj/Air       100%       1d9       1%          1
 Passwall                 Tmut/Erth      20%        N/A       2%          2
 Poisonous Vapours        Pois/Air       40%        N/A       3%          2
 Volatile Blastmotes      Fire/Tloc      46%        2d13      5%          3
 Dazzling Flash           Conj/Hex       36%        N/A       9%          3
 Swiftness                Air            19%        N/A       9%          3
 Call Imp                 Summ           10%        N/A       16%         2
 Petrify                  Tmut/Erth      24%        N/A       17%         4
 Airstrike                Air            9%         2d(2-18)  26%         4
 Freezing Cloud           Conj/Ice/Air   9%         6-21      61%         5
 Starburst                Conj/Fire      15%        6d6       78%         6
 Plasma Beam              Fire/Air       12%        2x1d26    93%         6


Dungeon Overview and Level Annotations

Branches:
Dungeon (9/15)             Temple (0/1) D:6           Sewer (visited)
Ossuary (visited)
   Lair: D:8-11         Orc: D:9-12

Altars:
Dithmenos
Elyvilon
Nemelex Xobeh
Xom
Yredelemnul

Shops:
D:6 :

Annotations:
D:4 2 transporters


Innate Abilities, Weirdness & Mutations

You are immune to sickness and miasma.
Your stone body is resilient. (AC +7)
You are immune to poison.
You resist negative energy. (rN+)
You are resistant to electric shocks. (rElec)
You are resistant to unholy torment.
You are immune to petrification.


Message History

You are too injured to fight recklessly!
Unknown command.
Casting: Fireball (quite dangerous; 24% risk of failure)
Confirm with . or Enter, or press ? or * to list all spells.
The spell is quite dangerous to miscast (19% risk of failure)!
Continue anyway? [Y]es or [N]o only, please.
The spell is quite dangerous to miscast (19% risk of failure)!
Continue anyway?
You erupt in a blast of force!
The mystic blast hits the two-headed ogre!
The two-headed ogre is lightly wounded.
The two-headed ogre is knocked back by the mystic blast.
The mystic blast hits the orc warrior.
You kill the orc warrior!
The mystic blast hits the orc.
The orc is heavily wounded.
The orc is knocked back by the mystic blast.
The orc slams into the metal wall!
You kill the orc!
The mystic blast hits the orc.
The orc is severely wounded.
The orc is knocked back by the mystic blast.
Your Fire Magic skill increases to level 6!
Casting: Iskenderun's Mystic Blast (quite dangerous; 19% risk of failure)
Confirm with . or Enter, or press ? or * to list all spells.
Aiming: Stone Arrow (safe; 1% risk of failure)
Press: ? - help, Shift-Dir - straight line, f - two-headed ogre
Aim: a two-headed ogre, wielding a +0 giant spiked club and a +0 giant club (lightly wounded, 88% to hit)
The stone arrow hits the two-headed ogre!
The two-headed ogre is heavily wounded.
A two-headed ogre comes into view.
It is wielding a +0 giant spiked club and a +0 giant club.
Casting: Stone Arrow (safe; 1% risk of failure)
Confirm with . or Enter, or press ? or * to list all spells.
Aiming: Stone Arrow (safe; 1% risk of failure)
Press: ? - help, Shift-Dir - straight line, f/p - two-headed ogre
Aim: a two-headed ogre, wielding a +0 giant spiked club and a +0 giant club (heavily wounded, 88% to hit)
The stone arrow hits the two-headed ogre!
The two-headed ogre is severely wounded.
The two-headed ogre shouts in stereo!
The two-headed ogre hits you with a +0 giant spiked club!!
You die...

.................<.##
......................
......................
..................... .
#O.................. ...
##..................
....#)..................
.......o..............≈≈
......O@...###.......≈≈≈
.....).)..## ##.....≈≈#+
..........# #.>...≈≈#
..........# .....≈≈
......!.... .....≈
............ ...
.............
..............


You could see 2 two-headed ogres and an orc.

Vanquished Creatures
  A troll (D:6)
  The ghost of ruby the Conjurer, an amateur DECj (D:6)
  2 water moccasins
  2 sky beasts
  2 orc warriors
  An ogre (D:6)
  A centaur (D:5)
  A bullfrog (D:6)
  6 kobold brigands (Sewer)
  2 elf skeletons (D:4)
  9 scorpions
  6 killer bees (D:8)
  2 human zombies (Ossuary)
  A hound (D:4)
  5 orc priests
  A gnoll bouda (D:6)
  5 iguanas
  2 human skeletons (D:4)
  8 orc wizards
  A scorpion zombie (Ossuary)
  3 mummies (Ossuary)
  7 adders
  11 gnolls
  2 shadow imps
  A white imp (D:6)
  An ufetubus (D:5)
  3 worms
  4 dart slugs
  30 orcs
  15 ball pythons
  7 bats
  14 endoplasms
  5 giant cockroaches
  2 goblins (D:2)
  5 hobgoblins
  3 jackals (D:1)
  13 kobolds
  2 quokkas
  5 frilled lizards
  7 gnoll zombies (Ossuary)
  5 goblin zombies (Ossuary)
  A hobgoblin zombie (Ossuary)
  2 orc skeletons (D:4)
  An orc zombie (Ossuary)
  6 rats
214 creatures vanquished.

Notes
Turn   | Place    | Note
-------+----------+-------------------------------------------
     0 | D:1      | Ijustatesigmund the Gargoyle Earth Elementalist began the
                  | quest for the Orb.
     0 | D:1      | Reached XP level 1. HP: 10/10 MP: 3/3
   294 | D:1      | Reached XP level 2. HP: 16/16 MP: 3/5
   296 | D:1      | Reached skill level 1 in Fighting
   443 | D:1      | Reached skill level 4 in Earth Magic
   935 | D:2      | Reached XP level 3. HP: 20/20 MP: 4/6
   939 | D:2      | Learned a level 3 spell: Stone Arrow
   996 | D:2      | You fall into a shaft and drop 2 floors!
  1092 | D:4      | Reached XP level 4. HP: 26/26 MP: 6/8
  1135 | D:4      | Reached skill level 1 in Conjurations
  1153 | D:4      | Found a basalt altar of Yredelemnul.
  1238 | D:4      | Found a transporter.
  1266 | D:4      | Identified the +1 sling of Equilibrium {antimagic, rC+++
                  | Str-3 Int+2 SInv}
  1392 | D:4      | Reached XP level 5. HP: 30/30 MP: 7/9
  1422 | D:4      | Found a sand-covered staircase.
  1428 | Ossuary  | Entered an ossuary
  1447 | Ossuary  | Reached skill level 5 in Earth Magic
  1451 | Ossuary  | Reached XP level 6. HP: 30/35 MP: 6/11
  1991 | Ossuary  | Reached skill level 6 in Earth Magic
  1991 | Ossuary  | Reached XP level 7. HP: 29/40 MP: 11/13
  2877 | D:4      | Reached skill level 5 in Conjurations
  2877 | D:4      | Reached skill level 7 in Earth Magic
  2877 | D:4      | Reached XP level 8. HP: 41/44 MP: 15/15
  2986 | D:4      | Found a transporter.
  4487 | D:3      | Learned a level 3 spell: Mephitic Cloud
  4493 | D:3      | Learned a level 5 spell: Fireball
  4543 | D:3      | Found a white marble altar of Elyvilon.
  5127 | D:5      | Entered Level 5 of the Dungeon
  5137 | D:5      | Reached skill level 1 in Fire Magic
  5164 | D:5      | Found a glowing drain.
  5180 | Sewer    | Entered a sewer
  5310 | Sewer    | Reached skill level 1 in Maces & Flails
  6002 | D:5      | Found a shadowy altar of Dithmenos.
  6289 | D:5      | Reached skill level 1 in Poison Magic
  6494 | D:6      | Reached skill level 1 in Air Magic
  6494 | D:6      | Reached XP level 9. HP: 49/49 MP: 7/16
  6587 | D:6      | Reached skill level 5 in Fire Magic
  6640 | D:6      | Found a runed translucent door.
  6654 | D:6      | Noticed ruby's ghost (amateur DECj)
  6835 | D:6      | Found Siwac's Book Boutique.
  7122 | D:6      | Learned a level 4 spell: Iskenderun's Mystic Blast
  7156 | D:6      | Found a staircase to the Ecumenical Temple.
  7328 | D:6      | Noticed a troll
  7333 | D:6      | Killed a troll
  7334 | D:6      | Reached skill level 5 in Spellcasting
  7499 | D:6      | Killed ruby's ghost
  7557 | D:7      | Reached skill level 1 in Translocations
  8337 | D:8      | Found a sparkling altar of Nemelex Xobeh.
  8472 | D:8      | Reached XP level 10. HP: 25/54 MP: 18/18
  9335 | D:9      | Found a shimmering altar of Xom.
  9339 | D:9      | Found a shimmering altar of Xom.
  9341 | D:9      | Found a shimmering altar of Xom.
  9372 | D:9      | Noticed a two-headed ogre
  9380 | D:9      | Noticed a two-headed ogre
  9381 | D:9      | Slain by a two-headed ogre

Illustrated notes

Levels and vault maps discovered:
D:1:      tarquinn_simple_flora_water_f, layout_loops_ring,
          minmay_misc_feat_cross, kennysheep_pointless_box
D:2:      layout_basic
D:3:      minmay_spotlight, layout_basic, mainiacjoe_overflow_six_doors_small,
          minmay_mini_jars
D:4:      gammafunk_wand_slinger, layout_loops_ring,
          mainiacjoe_overflow_catwalk, nicolae_ossuary_entry_catacombs,
          serial_glass, glass_columns_c, glass_columns_a, glass_columns_a,
          glass_columns_b, glass_columns_a, glass_columns_a, glass_columns_a,
          glass_columns_b, minmay_strange_pillars, item_on_display_a,
          minmay_strange_pillars
D:5:      layout_rooms, mainiacjoe_overflow_concentric_impassable,
          cheibrodos_sewer_entry_drain
D:6:      layout_cave_pools, minmay_temple_entry_fiery,
          hellmonk_ghost_happy_afterlife, serial_shops,
          nicolae_shop_advertising_works [nicolae_subvault_shop_adworks]
D:7:      layout_cave_pools, sigmund_army
D:8:      layout_basic, nemelex_xobeh_ov_fountains_minmay
D:9:      layout_big_octagon, xom_redecorated, water_boxes_lemuel

Skill      XL: |  1  2  3  4  5  6  7  8  9 10 |
---------------+-------------------------------+-----
Fighting       | 1 2 |  2.5
Earth Magic    | 4 5 6 7 |  7.9
Conjurations   | 2 3 5 6 |  6.1
Spellcasting   | 3 4 5 |  5.6
Fire Magic     | 4 5 6 |  6.0
Maces & Flails | 2 |  2.9
Poison Magic   | 1 3 |  3.9
Air Magic      | 1 3 |  3.2
Translocations | 2 |  2.3
Dodging        | |  1.5
Stealth        | |  2.1
Transmutations | |  0.7

Action                     |  1- 3 |  4- 6 |  7- 9 | 10-12 || total
---------------------------+-------+-------+-------+-------++-------
  Melee: Hand axe          |     5 |    54 |    60 |       ||   119
         Punch             |       |     1 |     2 |       ||     3
         Whip              |       |       |   165 |    14 ||   179
         Morningstar       |       |       |       |     4 ||     4
   Cast: Sandblast         |    27 |    52 |    58 |       ||   137
         Stone Arrow       |       |     6 |   123 |    12 ||   141
         Fireball          |       |       |       |     3 ||     3
         Iskenderun's Myst |       |       |       |     1 ||     1
  Evoke: Wand              |       |     2 |     4 |       ||     6
    Use: Scroll            |     7 |       |    16 |     4 ||    27
   Stab: Sleeping          |       |     2 |     1 |       ||     3
         Paralysed         |       |     3 |       |       ||     3
 Armour: Robe              |       |    38 |   132 |     9 ||   179
  Dodge: Dodged            |    10 |    41 |   141 |    14 ||   206
